AoeStats
← CrazyBen

Black Forest

507265165Analyzed
4v4 RM · 16d ago on Sep 17, 2026· 43m 13s· 8 players
Game mode
Random Map
Map size
Large (8 player)
Population
200
Speed
Normal
Resources
Standard
Victory
Conquest
Starting age
Dark Age
Ending age
Imperial Age
RankedLock teamsTeams togetherTeam positionsShared explorationLock speedFull tech treeHidden civsTurbo modeCheats
Victory
Defeat
🇷🇺 Ethiopians · Russia
1522
+15
🇩🇪 Franks · Germany
1518
+15
🇧🇷 Italians · Brazil
1483
+17
🇫🇷 Japanese · France
1467
+18
🇦🇷 Jurchens · Argentina
1521
-17
🇩🇪 Khmer · Germany
1502
-16
🇲🇽 Chinese · Mexico
1500
-16
🇭🇰 Britons · Hong Kong SAR China
1489
-16
onon02122
0:35 Loom
11:35 Feudal Age
15:19 Castle Age
13:40 Double-Bit Axe
14:38 Horse Collar
16:37 Bow Saw
19:44 Town Watch
24:45 Wheelbarrow
24:04 Gold Mining
24:55 Man-at-Arms
29:52 Imperial Age
28:01 Fortified Wall
29:29 Gold Shaft Mining
30:42 Fletching
31:34 Ballistics
32:14 Chemistry
32:20 Bodkin Arrow
32:36 Sappers
34:40 Bracer
34:41 Padded Archer Armor
35:08 Treadmill Crane
35:23 Crossbowman
36:41 Masonry
36:48 Leather Archer Armor
35:59 Arbalester
41:44 Hand Cart
41:27 Stone Mining
Dazkarich
0:26 Loom
12:42 Feudal Age
16:15 Castle Age
14:09 Double-Bit Axe
14:14 Fishing Lines
17:26 Bow Saw
21:48 Gillnets
24:45 Wheelbarrow
24:25 Horse Collar
25:18 Gold Mining
29:23 Imperial Age
27:34 Fletching
28:04 Hand Cart
29:06 Ballistics
29:17 Stone Mining
30:02 Gold Shaft Mining
31:15 Chemistry
30:16 Bodkin Arrow
30:28 Town Watch
33:14 Conscription
32:57 Bracer
33:09 Masonry
33:50 Elite Chu Ko Nu
35:15 Stone Shaft Mining
34:50 Padded Archer Armor
35:00 Capped Ram
35:59 Siege Ram
36:20 Heavy Scorpion
37:32 Architecture
38:08 Rocketry
38:40 Leather Archer Armor
38:32 Thumb Ring
JoPo21
11:59 Feudal Age
14:54 Castle Age
13:16 Double-Bit Axe
13:56 Fishing Lines
17:15 Gillnets
18:42 Bow Saw
19:42 Horse Collar
21:11 Heavy Plow
22:59 Gold Mining
23:57 Wheelbarrow
25:19 Gold Shaft Mining
25:27 Hand Cart
29:24 Imperial Age
28:09 Bloodlines
27:59 Husbandry
29:08 Forging
29:05 Scale Barding Armor
30:50 Iron Casting
31:18 Chain Barding Armor
30:35 Elite Battle Elephant
30:49 Capped Ram
32:53 Siege Ram
34:53 Plate Barding Armor
35:00 Loom
35:01 Light Cavalry
36:59 Conscription
38:32 Blast Furnace
37:06 Hussar
Chim cu đi tắm
7:56 Loom
10:20 Feudal Age
15:21 Castle Age
13:45 Double-Bit Axe
14:14 Fishing Lines
16:02 Gillnets
16:25 Bow Saw
19:51 Wheelbarrow
20:52 Horse Collar
23:56 Heavy Plow
27:08 Hand Cart
26:57 Squires
30:17 Imperial Age
28:08 Gambesons
28:24 Scale Mail Armor
28:35 Forging
28:24 Gold Mining
28:32 Arson
29:28 Chain Mail Armor
29:58 Gold Shaft Mining
30:33 Ballistics
31:33 Iron Casting
31:22 Conscription
32:32 Two-Man Saw
32:03 Crop Rotation
31:48 Elite Fire Lancer
33:37 Blast Furnace
36:46 Coinage
39:59 Banking
39:30 Caravan
VeryNiceToMeetYou
11:28 Feudal Age
12:43 Double-Bit Axe
15:11 Castle Age
16:05 Bow Saw
23:13 Wheelbarrow
27:11 Imperial Age
25:45 Scale Barding Armor
25:51 Forging
25:52 Husbandry
27:31 Chain Barding Armor
27:14 Cavalier
28:31 Iron Casting
29:16 Plate Barding Armor
31:30 Blast Furnace
33:27 Paladin
34:43 Fletching
36:12 Bodkin Arrow
36:52 Ballistics
38:42 Hand Cart
39:07 Padded Archer Armor
40:14 Chemistry
41:24 Leather Archer Armor
WhiteFangAoK16
4:21 Loom
10:57 Feudal Age
14:49 Castle Age
13:16 Double-Bit Axe
13:57 Horse Collar
15:45 Bow Saw
15:37 Heavy Plow
24:19 Wheelbarrow
26:28 Hand Cart
27:27 Gold Mining
27:27 Stone Mining
28:20 Fletching
31:24 Imperial Age
29:29 Bodkin Arrow
30:14 Ballistics
29:49 Town Watch
29:37 Crossbowman
31:05 Thumb Ring
31:42 Padded Archer Armor
32:31 Conscription
32:12 Bracer
33:14 Chemistry
31:50 Arbalester
33:20 Murder Holes
33:37 Masonry
33:34 Sappers
34:52 Leather Archer Armor
34:13 Onager
37:50 Ring Archer Armor
37:52 Siege Engineers
38:57 Two-Man Saw
39:35 Scale Mail Armor
39:45 Forging
39:42 Caravan
39:53 Guilds
41:41 Heavy Cavalry Archer
41:49 Elite Skirmisher
44:07 Chain Mail Armor
44:27 Iron Casting
CrazyBen
11:41 Feudal Age
12:12 Double-Bit Axe
12:50 Horse Collar
15:33 Castle Age
16:37 Bow Saw
16:30 Heavy Plow
20:48 Loom
21:50 Wheelbarrow
22:06 Gold Mining
22:15 Stone Mining
24:29 Hand Cart
28:01 Imperial Age
25:34 Scale Mail Armor
26:12 Guard Tower
26:35 Fletching
27:35 Yasama
27:32 Bodkin Arrow
27:54 Chain Mail Armor
27:12 Pikeman
27:52 Squires
27:39 Arson
28:48 Bracer
29:31 Keep
29:58 Chemistry
30:27 Ballistics
29:53 Arrowslits
31:15 Coinage
30:45 Halberdier
31:58 Plate Mail Armor
32:58 Kataparuto
33:36 Forging
36:28 Two-Man Saw
37:20 Conscription
39:14 Siege Engineers
39:21 Masonry
38:52 Treadmill Crane
Tuco Parmera
4:48 Loom
11:23 Feudal Age
15:56 Castle Age
14:37 Double-Bit Axe
15:02 Horse Collar
16:35 Wheelbarrow
23:52 Imperial Age
22:55 Gold Mining
23:17 Bow Saw
26:19 Chemistry
27:52 Conscription
29:44 Scale Mail Armor
31:52 Chain Mail Armor
31:48 Forging
33:37 Squires
34:13 Iron Casting
39:14 Plate Mail Armor
43:10 Coinage
Connection lost

Rejoining the realm…

Still unreachable

The connection could not be restored.

Session expired

The server has moved on; the page needs a fresh start.